 Dungeon Crawl Stone Soup version 0.28-a0-1412-gf95308ed99 (webtiles) character file.

Game seed: 6169204752533490742

4 croobank the Sneak (level 1, -9/10 HPs)
             Began as a Felid Delver on Jan 7, 2022.
             Killed by nerve-wracking pain
             ... invoked by a shadow imp
             ... summoned by Natasha
              (14 damage)
             ... on level 2 of the Dungeon.
             The game lasted 00:02:44 (617 turns).

croobank the Sneak (Felid Delver)                    Turns: 617, Time: 00:02:45

Health: -9/10      AC:  1    Str:  8    XL:     1   Next: 50%
Magic:  2/2        EV: 17    Int: 11    God:
Gold:   16         SH:  0    Dex: 17    Spells: 0/0 levels left
                                        Lives:  0   Deaths: 0

rFire   . . .      SeeInvis +     - Unarmed
rCold   . . .      Faith    .   (shield unavailable)
rNeg    . . .      Spirit   .   (armour unavailable)
rPois   .          Reflect  .   (helmet unavailable)
rElec   .          Harm     .   (cloak unavailable)
rCorr   .          Rampage  .   (gloves unavailable)
Will    .....                   (boots unavailable)
Stlth   ++++......              (no amulet)
HPRegen 0.03/turn               (no ring)
MPRegen 0.08/turn               (no ring)

@: quick
A: very small, claws 1, fangs 3, see invisible, speed 1, shaggy fur 1, stealthy
paws, no weapons or thrown items, no armour, multi-lived
a: no special abilities


You were on level 2 of the Dungeon.
You visited 1 branch of the dungeon, and saw 4 of its levels.

You collected 61 gold pieces.
You spent 45 gold pieces at shops.

Inventory:

Wands
 e - a wand of digging (3)
Scrolls
 a - 2 scrolls of fog
 c - a scroll of fear
 g - a scroll of identify {unknown}
 j - a scroll of enchant weapon {unknown}
 k - a scroll of teleportation {unknown}
Potions
 d - a potion of haste
 f - a potion of flight {unknown}
 h - a potion of curing {unknown}
 i - a potion of berserk rage {unknown}


   Skills:
 + Level 3.0 Fighting
 + Level 2.8 Dodging
 + Level 6.6 Stealth
 + Level 2.1 Unarmed Combat


You couldn't memorise any spells.
You didn't know any spells.
Your spell library contained the following spells:

 Spells                   Type           Power      Damage    Failure   Level
 Stone Arrow              Conj/Erth      0%         3d7       71%         3
 Petrify                  Tmut/Erth      0%         N/A       98%         4
 Iron Shot                Conj/Erth      0%         9d1       100%        6
 Statue Form              Tmut/Erth      0%         N/A       100%        6


Dungeon Overview and Level Annotations

Branches:
Dungeon (5/15)
 Temple: D:4-7

Altars:

Shops:
D:3 *

Annotations:
D:2 Natasha, Sigmund
D:4 Pikel


Innate Abilities, Weirdness & Mutations

You have sharp claws.
You have razor-sharp teeth.
You have supernaturally acute eyesight. (SInv)
You cover ground quickly. (Speed+)
You are covered in fur. (AC +1)
Your paws help you pounce on unaware monsters.
You are incapable of wielding weapons or throwing items.
You cannot wear armour.
You gain extra lives every three experience levels.


Message History

You closely miss the kobold.
The kobold hits you with a +0 short sword.
* * * LOW HITPOINT WARNING * * *
You miss the kobold. The kobold hits you but does no damage.
You scratch the kobold.
You kill the kobold!
You start resting.
HP restored.
j - a scroll labelled DISIQE PUC KIG
Things that are here:
a +0 short sword; 4 stones; a kobold skeleton
k - a scroll labelled TIR ACHAPOGG You now have 16 gold pieces (gained 8).
Found a ring mail.
Sigmund the Dreaded comes into view.
He is wielding a +1 scythe of venom and wearing a +2 robe of willpower.
A frilled lizard comes into view.
Natasha, Servant of Life and Death comes into view.
Natasha hisses angrily.
The frilled lizard hisses angrily.
The frilled lizard bites you.
You scratch the frilled lizard.
You kill the frilled lizard!
You barely miss Natasha. Your bite misses Natasha. Natasha closely misses you.
You barely miss Natasha.
Natasha mumbles some strange words.
You scratch Natasha but do no damage. Your claw misses Natasha.
Your bite misses Natasha. Natasha misses you.
You scratch Natasha.
Natasha is moderately wounded.
Natasha claws you.
Ouch! That really hurt!
As you read the scroll of fear, it crumbles to dust.
You assume a fearsome visage.
Natasha looks frightened!
The shadow imp looks frightened!
As you read the scroll of magic mapping, it crumbles to dust.
You feel aware of your surroundings.
You sensed 1 altar.
The shadow imp laughs crazily.
The shadow imp gestures at you. Pain shoots through your body!
Ouch! That really hurt!
You die...

##.## *,,,,,,,,,,,,,,,,,, ...#
**,.*,**,*,,,,,*,*, ##.#
##.*,*,******,,,** #.# #..,,,**
***,* #.# #.#*,** *,* #.# #.#***
*,* #.# #.# *,* #.# #.# ****,**
#.# #@# *,,,,,, #.###### #.#
*,**,** #......# #5# **,**,**
#.####.########.######***,,,,,,,
#.# #.................,,,,**,**
#.#**##########.#######***,**,,,
#†..h5...,,,,,..# *,,,,,,
#########*****### *******


You could see a shadow imp (summoned).

Vanquished Creatures
  An endoplasm (D:2)
  A giant cockroach (D:3)
  A frilled lizard (D:2)
  A kobold (D:2)
4 creatures vanquished.

Notes
Turn   | Place    | Note
-------+----------+-------------------------------------------
     0 | D:5      | croobank the Felid Delver began the quest for the Orb.
     0 | D:5      | Reached XP level 1. HP: 10/10 MP: 2/2
    36 | D:4      | Noticed an ogre
    52 | D:4      | Noticed a lemure
    53 | D:4      | Noticed Pikel
    54 | D:4      | Noticed a lemure
    54 | D:4      | Noticed a lemure
    54 | D:4      | Noticed a lemure
    73 | D:4      | Noticed a jelly
   137 | D:3      | Got the Tome of the Mountains
   138 | D:3      | Found Hepetay's General Store.
   145 | D:3      | Bought a scroll of fear for 45 gold pieces
   545 | D:2      | Noticed Sigmund
   591 | D:2      | Noticed Natasha
   617 | D:2      | Killed from afar by a shadow imp

Illustrated notes

Levels and vault maps discovered:
D:2:      cheibrodos_helix_gallery, layout_loops_ring,
          nicolae_ecumenical_pavilion, uniq_natasha, uniq_sigmund
D:3:      minmay_skewed_foursquare, layout_loops_cross, serial_shops,
          nicolae_shop_trees, kennysheep_donut, chequers_serial_rivers_marsh
D:4:      layout_loops_ring, chequers_serial_rivers_micro_b, kennysheep_doodads,
          minmay_small_thing, uniq_pikel
D:5:      layout_cave_pools, lightli_sewer_entry_pipes, kennysheep_potato,
          uniq_grinder

Action                   || total
-------------------------++-------
Melee: Unarmed           ||    14
       Bite              ||     3
  Use: Scroll            ||     2
Armor: Skin              ||     2
Dodge: Dodged            ||     7

Table legend: (Time is in decaauts)
 A = Elapsed time spent in this place.
 B = Non-inter-level travel time spent in this place.
 C = Inter-level travel time spent in this place.
 D = Time resting spent in this place.
 E = Time spent auto-exploring this place.
 F = Levels seen in this place.
 G = Mean time per level.
                   A        B        C        D        E       F      G
               +--------+--------+--------+--------+--------+-----+--------+
         Total |    541 |    541 |      0 |    212 |    166 |   4 |  135.2 |
       Dungeon |    541 |    541 |      0 |    212 |    166 |   4 |  135.2 |
               +--------+--------+--------+--------+--------+-----+--------+

Top non-repeatable levels by time:
     D:2: 366 daAuts
     D:3: 110 daAuts
     D:4: 39 daAuts
     D:5: 25 daAuts
